[Event "Titled Tuesday Blitz April 4 Early 2023"]
[White "Salemgareev, Tagir"]
[Black "Yeletsky, Ivan"]
[WhiteFideId "24199052"]
[BlackFideId "24180327"]
[WhiteElo "2360"]
[BlackElo "2422"]
[Result "1-0"]
[Round "07"]
[TimeControl "180+2"]
[Date "2023.04.04"]
[WhiteClock "0:00:10"]
[BlackClock "0:00:02"]

1. d4 Nf6 2. Nf3 d6 3. c4 g6 4. Nc3 Bf5 5. g3 Bg7 6. Bg2 Ne4 7. Nb1 Bd7 8. O-O O-O 9. Nfd2 Nxd2 10. Qxd2 Nc6 11. e3 a6 12. Nc3 Rb8 13. b3 b5 14. cxb5 axb5 15. Bb2 b4 16. Ne4 e6 17. Rfc1 Ne7 18. Qc2 Nd5 19. Nd2 Rb7 20. Nc4 Qa8 21. e4 Nc3 22. a3 Nb5 23. axb4 Qb8 24. Qd2 Na7 25. d5 Bxb2 26. Nxb2 exd5 27. exd5 Nc8 28. Nd3 Bf5 29. Nf4 Rxb4 30. Rxc7 Rxf4 31. Rxc8 Rxc8 32. Qxf4 h5 33. h4 Rc3 34. Bf3 Bh3 35. Kh2 Qxb3 36. Ra8+ Bc8 37. Qxd6 Rxf3 38. Rxc8+ Kg7 39. Qe5+ Rf6 40. Rc6 Qf3 41. Rxf6 Qxf6 42. f4 Qxe5 43. fxe5 f6 44. d6 Kf8 45. exf6 1-0


[Site "https://www.chess.com"]

[Event "Titled Tuesday Blitz April 4 Early 2023"]
[White "Matinian, Nikita"]
[Black "Costachi, Mihnea"]
[WhiteFideId "24129100"]
[BlackFideId "1217518"]
[WhiteElo "2422"]
[BlackElo "2456"]
[Result "1/2-1/2"]
[Round "07"]
[TimeControl "180+2"]
[Date "2023.04.04"]
[WhiteClock "0:00:12"]
[BlackClock "0:00:39"]

1. e4 e5 2. Nf3 Nc6 3. Bb5 a6 4. Ba4 d6 5. O-O Bd7 6. Bxc6 Bxc6 7. d4 exd4 8. Nxd4 Nf6 9. Nc3 Be7 10. Bf4 O-O 11. Re1 Re8 12. Qf3 Nd7 13. Rad1 Bf6 14. Nf5 Ne5 15. Qg3 g6 16. Nh6+ Kg7 17. Nd5 Bxd5 18. Rxd5 Qd7 19. b3 Rad8 20. h3 Qe6 21. c4 Nc6 22. Ng4 Be5 23. Nxe5 dxe5 24. Be3 Nb4 25. Rxd8 Rxd8 26. Re2 f6 27. Kh2 Rd7 28. f4 Nc6 29. f5 Qf7 30. h4 Nd4 31. Rf2 c5 32. fxg6 Qxg6 33. Qh3 Rf7 34. Bxd4 cxd4 35. Rf5 h5 36. Qf3 Qg4 37. Qxg4+ hxg4 38. Kg3 b5 39. cxb5 axb5 40. Kxg4 Rc7 41. Rf2 Rc3 42. Kf5 Rg3 43. a4 Rxb3 44. axb5 Rxb5 45. g4 Rb7 46. Rc2 Rd7 47. g5 fxg5 48. hxg5 Re7 49. g6 d3 50. Rh2 Kg8 51. Kf6 Rd7 52. Rd2 Rd8 53. Kxe5 Kg7 54. Kf5 Rf8+ 55. Ke5 Rd8 56. Kf5 Rf8+ 57. Ke6 Re8+ 58. Kd5 Rd8+ 59. Kc4 Kxg6 60. Rxd3 Rxd3 61. Kxd3 Kf6 62. Kd4 Ke6 63. e5 Kd7 64. Kd5 Ke7 65. e6 Ke8 66. Ke5 Ke7 67. Kd5 Ke8 68. Kd4 Kf8 69. Ke5 Ke7 70. Kd5 1/2-1/2


[Site "https://www.chess.com"]

[Event "Titled Tuesday Blitz April 4 Early 2023"]
[White "Kozak, Antoni"]
[Black "Timofeev, Artyom"]
[WhiteFideId "21832030"]
[BlackFideId "4140419"]
[WhiteElo "2470"]
[BlackElo "2586"]
[Result "1-0"]
[Round "07"]
[TimeControl "180+2"]
[Date "2023.04.04"]
[WhiteClock "0:00:13"]
[BlackClock "0:00:06"]

1. Nf3 c5 2. c4 Nf6 3. g3 Nc6 4. Bg2 d5 5. O-O e5 6. Qa4 Bd6 7. d4 Bd7 8. dxc5 Bxc5 9. cxd5 Nd4 10. Qd1 Nxf3+ 11. exf3 O-O 12. Nc3 Qb6 13. Bg5 Bd4 14. Ne2 Bb5 15. Bxf6 Qxf6 16. Re1 Bxe2 17. Rxe2 Rad8 18. Qb3 b6 19. Rd1 Bc5 20. Qa4 a5 21. Qe4 Bd6 22. Rc2 g6 23. Rc6 Rb8 24. Bf1 Qe7 25. Rdc1 Rfd8 26. Bb5 Bc5 27. Kg2 Kg7 28. Re1 Bd6 29. f4 f6 30. fxe5 Qxe5 31. Qxe5 Bxe5 32. Bc4 b5 33. Bf1 Rxd5 34. Re2 Rbd8 35. f4 Bd6 36. Rec2 a4 37. Ra6 g5 38. fxg5 fxg5 39. Be2 Bf8 40. Kf3 R8d7 41. Rb6 b4 42. Bb5 Rf7+ 43. Ke4 Rd6 44. Rxd6 Bxd6 45. Bxa4 Re7+ 46. Kd5 Be5 47. Re2 Bf6 48. Rc2 h5 49. Bb3 h4 50. gxh4 gxh4 51. Kd6 Re3 52. Rg2+ Kh6 53. Bf7 Bg5 54. Be6 Re4 55. h3 Re3 56. Bd7 Rg3 57. Re2 Bf4+ 58. Kc6 Bg5 59. Bg4 Kg7 60. Kb5 b3 61. a4 Bf6 62. a5 Rd3 63. a6 Rd5+ 64. Kc6 Ra5 65. Kb6 Ra2 66. Kb7 Rxb2 67. Rxb2 Bxb2 68. a7 Bd4 69. a8=Q b2 70. Qa2 b1=Q+ 71. Qxb1 1-0


[Site "https://www.chess.com"]

[Event "Titled Tuesday Blitz April 4 Early 2023"]
[White "Belozerov, Andrei"]
[Black "Real_OceanStorm"]
[WhiteFideId "4120213"]
[WhiteElo "2373"]
[BlackElo "2806"]
[Result "0-1"]
[Round "07"]
[TimeControl "180+2"]
[Date "2023.04.04"]
[WhiteClock "0:00:11"]
[BlackClock "0:00:42"]

1. e4 c5 2. Nf3 Nc6 3. Bb5 e6 4. O-O Be7 5. Re1 Qb6 6. Nc3 Nd4 7. a4 a6 8. Bc4 d6 9. d3 Bd7 10. a5 Qc7 11. Nxd4 cxd4 12. Ne2 Bf6 13. b4 Ne7 14. Bb2 Nc6 15. Qd2 O-O 16. Ng3 g6 17. f4 b6 18. axb6 Qxb6 19. Reb1 Qxb4 20. Qxb4 Nxb4 21. e5 dxe5 22. Ne4 Bg7 23. Ba3 a5 24. Nc5 Bc6 25. fxe5 Nxc2 26. Nxe6 Nxa3 27. Nxf8 Nxb1 28. e6 Nd2 29. Nd7 Nxc4 0-1


[Site "https://www.chess.com"]

[Event "Titled Tuesday Blitz April 4 Early 2023"]
[White "Samunenkov, Ihor"]
[Black "Shvedova, Alexandra"]
[WhiteFideId "14187086"]
[BlackFideId "54154782"]
[WhiteElo "2457"]
[BlackElo "2057"]
[Result "1-0"]
[Round "07"]
[TimeControl "180+2"]
[Date "2023.04.04"]
[WhiteClock "0:00:08"]
[BlackClock "0:00:33"]

1. d4 Nf6 2. Nf3 d5 3. c4 e6 4. g3 dxc4 5. Bg2 Nc6 6. O-O Rb8 7. e3 b5 8. b3 cxb3 9. axb3 Bb7 10. Bb2 Be7 11. Nbd2 O-O 12. Qe2 a6 13. Rfc1 Nb4 14. e4 c5 15. e5 Nd7 16. Ne4 cxd4 17. Bxd4 h6 18. Nd6 Bd5 19. Bc3 Nc6 20. Rxa6 Nc5 21. Ba5 Nxa5 22. Rxc5 Nxb3 23. Rxd5 exd5 24. Qc2 Rb6 25. Rxb6 Qxb6 26. Qxb3 Bxd6 27. exd6 Qxd6 28. Qxb5 d4 29. Bf1 Rb8 30. Qc4 Rd8 31. Bd3 Qd7 32. Kg2 Rc8 33. Qa6 Rc6 34. Qa4 Rc7 35. Qa8+ Rc8 36. Qe4 g6 37. Ne5 Qe6 38. Qxd4 Re8 39. Nf3 Qc6 40. h4 h5 41. Bc4 Re4 42. Bxf7+ Kxf7 43. Ng5+ Kg8 44. Qxe4 1-0


[Site "https://www.chess.com"]

[Event "Titled Tuesday Blitz April 4 Early 2023"]
[White "Janaszak, Dawid"]
[Black "Xiong, Jeffery"]
[WhiteFideId "1119206"]
[BlackFideId "2047640"]
[WhiteElo "2220"]
[BlackElo "2726"]
[Result "0-1"]
[Round "07"]
[TimeControl "180+2"]
[Date "2023.04.04"]
[WhiteClock "0:00:01"]
[BlackClock "0:02:07"]

1. e4 e6 2. d4 d5 3. Bd3 dxe4 4. Bxe4 Nf6 5. Bf3 c5 6. Ne2 Nc6 7. Be3 Be7 8. Nbc3 O-O 9. d5 Ne5 10. Nf4 Nxf3+ 11. Qxf3 e5 12. Nfe2 h6 13. O-O-O Bd6 14. h3 b5 15. g4 b4 16. Ne4 Nxe4 17. Qxe4 f5 18. gxf5 Bxf5 19. Qc4 Bh7 20. Rhg1 Kh8 21. Rg4 a5 22. Rdg1 Ra7 23. Ng3 a4 24. Nh5 Rff7 25. Kd2 Rad7 26. Kc1 Ra7 27. Rd1 Bf5 28. Rg3 b3 29. cxb3 axb3 30. a3 Qb8 31. Rdg1 Rxa3 32. bxa3 b2+ 33. Kd2 b1=Q 34. Rxb1 Qxb1 35. Qa6 Qa2+ 36. Ke1 Qxd5 37. Nxg7 Rxg7 38. Rxg7 Kxg7 0-1


[Site "https://www.chess.com"]

[Event "Titled Tuesday Blitz April 4 Early 2023"]
[White "Hamitevici, Vladimir"]
[Black "Vidit, Santosh Gujrathi"]
[WhiteFideId "13902393"]
[BlackFideId "5029465"]
[WhiteElo "2401"]
[BlackElo "2651"]
[Result "0-1"]
[Round "07"]
[TimeControl "180+2"]
[Date "2023.04.04"]
[WhiteClock "0:00:09"]
[BlackClock "0:00:13"]

1. Nf3 c5 2. g3 Nc6 3. Bg2 Nf6 4. O-O e5 5. c4 d5 6. cxd5 Nxd5 7. Nc3 Be6 8. d3 Be7 9. Bd2 O-O 10. a3 Nb6 11. Rc1 c4 12. Ne1 Rc8 13. Be3 cxd3 14. Nxd3 Nc4 15. Bc5 Nd4 16. Bxe7 Qxe7 17. e3 Nf5 18. Nd5 Qd6 19. N3b4 a5 20. Rxc4 Rxc4 21. Qb3 b5 22. Rd1 axb4 23. Nf6+ gxf6 24. Rxd6 Rc1+ 25. Qd1 Rxd1+ 26. Rxd1 bxa3 27. bxa3 Bc4 28. Bc6 Rb8 29. Rc1 Ne7 30. Bd7 Rb7 31. Bg4 Ra7 32. Rc3 Nd5 0-1


[Site "https://www.chess.com"]

[Event "Titled Tuesday Blitz April 4 Early 2023"]
[White "Movahed, Sina"]
[Black "Manukyan, Sargis A."]
[WhiteFideId "42520835"]
[BlackFideId "13303970"]
[WhiteElo "2225"]
[BlackElo "2187"]
[Result "1-0"]
[Round "07"]
[TimeControl "180+2"]
[Date "2023.04.04"]
[WhiteClock "0:00:54"]
[BlackClock "0:00:25"]

1. Nf3 d5 2. g3 e6 3. Bg2 Nf6 4. O-O Be7 5. c4 O-O 6. d4 dxc4 7. Na3 c5 8. Nxc4 Nc6 9. dxc5 Bxc5 10. a3 a6 11. b4 Ba7 12. Bb2 Qe7 13. Qc2 b5 14. Ng5 Nd4 15. Bxd4 Bxd4 16. Rad1 bxc4 17. Bxa8 e5 18. Qxc4 h6 19. Ne4 Be6 20. Nxf6+ Qxf6 21. Qxa6 Bb3 22. Qxf6 gxf6 23. Rxd4 exd4 24. Be4 Re8 25. Bd3 Rc8 26. Rb1 Ba4 27. b5 Kf8 28. Rb4 Bc2 29. Bxc2 Rxc2 30. b6 1-0


[Site "https://www.chess.com"]

[Event "Titled Tuesday Blitz April 4 Early 2023"]
[White "Vaibhav Jayant Raut"]
[Black "Hovhannisyan, Robert"]
[WhiteFideId "5089034"]
[BlackFideId "13302507"]
[WhiteElo "2156"]
[BlackElo "2570"]
[Result "0-1"]
[Round "07"]
[TimeControl "180+2"]
[Date "2023.04.04"]
[WhiteClock "0:00:02"]
[BlackClock "0:00:45"]

1. Nf3 d5 2. g3 Bf5 3. Bg2 e6 4. d3 Nf6 5. Nbd2 h6 6. O-O Bh7 7. b3 a5 8. a4 Be7 9. Bb2 O-O 10. Re1 Nc6 11. e4 dxe4 12. dxe4 Nb4 13. Ne5 Nd7 14. Rc1 Nxe5 15. Bxe5 Bg5 16. f4 Bf6 17. Nc4 Bxe5 18. Nxe5 Qxd1 19. Rexd1 Rfd8 20. Rxd8+ Rxd8 21. Nc4 b6 22. Kf2 Kf8 23. Ke3 f6 24. Bf1 Na2 25. Ra1 Nb4 26. Rc1 Ke7 27. Be2 Na2 28. Ra1 Nb4 29. Rc1 Nc6 30. c3 e5 31. fxe5 Nxe5 32. Nxe5 fxe5 33. Bc4 Bg6 34. Bd5 Bh5 35. Rf1 Rf8 36. Rxf8 Kxf8 37. Kd3 Ke7 38. Bg8 Kd6 39. Kd2 Kc5 40. Bd5 Be8 41. Be6 Bc6 42. Kd3 Bb7 43. h4 Ba6+ 44. Kd2 Bf1 45. Kc2 c6 46. Kd2 b5 47. axb5 cxb5 48. Ke3 Kd6 49. Bd5 a4 50. bxa4 bxa4 51. Kd2 Kc5 52. Kc2 Bc4 53. Bb7 a3 54. g4 g5 55. hxg5 hxg5 56. Ba8 Be6 57. Bb7 Bxg4 58. Kb3 Be6+ 59. Kxa3 g4 60. Ba6 Bc4 61. Bc8 Be2 62. Kb3 g3 63. Bh3 Bf3 64. Kc2 Bxe4+ 65. Kd2 g2 66. Bxg2 Bxg2 67. Ke3 Kc4 68. Kf2 Kxc3 69. Ke3 0-1


[Site "https://www.chess.com"]

[Event "Titled Tuesday Blitz April 4 Early 2023"]
[White "Domingo Nunez, Alejandro"]
[Black "Vakhlamov, Igor L."]
[WhiteFideId "22245561"]
[BlackFideId "24126748"]
[WhiteElo "2291"]
[BlackElo "2400"]
[Result "1/2-1/2"]
[Round "07"]
[TimeControl "180+2"]
[Date "2023.04.04"]
[WhiteClock "0:00:40"]
[BlackClock "0:00:20"]

1. Nf3 d5 2. g3 Nf6 3. Bg2 e6 4. O-O c5 5. d4 Nc6 6. c4 Be7 7. cxd5 exd5 8. dxc5 Bxc5 9. Bg5 O-O 10. Nc3 d4 11. Ne4 Be7 12. Bxf6 Bxf6 13. Nxf6+ Qxf6 14. Qb3 Re8 15. Rfe1 Re7 16. Rac1 Be6 17. Qa4 h6 18. b4 Bd5 19. b5 Bxf3 20. exf3 Ne5 21. Rcd1 Rae8 22. Rf1 Nxf3+ 23. Bxf3 Qxf3 24. Qxa7 Qd5 25. Qxd4 Qxb5 26. Rb1 Qa6 27. Qb2 Ra8 28. Qb4 Rd7 29. Rb2 Qc6 30. Rfb1 Rad8 31. Qg4 g6 32. h4 h5 33. Qe2 Kh7 34. Rb6 Qd5 35. R6b5 Qc6 36. Rb6 Qd5 37. R6b5 Qc6 38. Rb6 1/2-1/2


[Site "https://www.chess.com"]

[Event "Titled Tuesday Blitz April 4 Early 2023"]
[White "Ashraf, Artin"]
[Black "Bodnaruk, Anastasia"]
[WhiteFideId "22514805"]
[BlackFideId "4181751"]
[WhiteElo "2188"]
[BlackElo "2310"]
[Result "1/2-1/2"]
[Round "07"]
[TimeControl "180+2"]
[Date "2023.04.04"]
[WhiteClock "0:00:09"]
[BlackClock "0:00:05"]

1. b3 e5 2. Bb2 d6 3. e3 f5 4. d4 e4 5. Ne2 Be6 6. Nf4 Bf7 7. h4 d5 8. Ba3 Bxa3 9. Nxa3 Nf6 10. c4 c5 11. Nc2 Qa5+ 12. Qd2 Qxd2+ 13. Kxd2 Nbd7 14. cxd5 Nxd5 15. Nxd5 Bxd5 16. dxc5 Nxc5 17. Nd4 g6 18. Rc1 Ne6 19. Bb5+ Ke7 20. Nxe6 Kxe6 21. Rc7 Rhd8 22. Kc3 a6 23. Be2 Rac8 24. Rxc8 Rxc8+ 25. Kb2 h6 26. g4 Rf8 27. g5 h5 28. Kc3 f4 29. Kd4 fxe3 30. Kxe3 Ke5 31. Rd1 Rc8 32. Kd2 Kf4 33. Rc1 Rxc1 34. Kxc1 Be6 35. Kd2 Bg4 36. Bc4 Kf3 37. Bd5 Bf5 38. Bxb7 Kxf2 39. Bxa6 e3+ 40. Kc3 e2 41. Bxe2 Kxe2 42. a4 Kf3 43. b4 Bd7 44. b5 Kg4 45. Kb4 Kxh4 46. a5 Kxg5 47. a6 Bc8 48. Ka5 h4 49. b6 h3 50. b7 Bxb7 51. axb7 h2 52. b8=Q h1=Q 53. Qe5+ Kg4 54. Qd4+ Kf5 55. Qc5+ Kf4 56. Qd6+ Kf5 57. Qc5+ Kf6 58. Qd6+ Kf5 59. Qc5+ 1/2-1/2


[Site "https://www.chess.com"]

[Event "Titled Tuesday Blitz April 4 Early 2023"]
[White "Samsonkin, Artiom"]
[Black "Antal, Gergely"]
[WhiteFideId "13503111"]
[BlackFideId "717312"]
[WhiteElo "2524"]
[BlackElo "2471"]
[Result "0-1"]
[Round "07"]
[TimeControl "180+2"]
[Date "2023.04.04"]
[WhiteClock "0:00:01"]
[BlackClock "0:00:11"]

1. e4 c6 2. d4 d5 3. e5 c5 4. dxc5 Nc6 5. Nf3 Bg4 6. a3 e6 7. b4 Bxf3 8. Qxf3 Nxe5 9. Bb5+ Nc6 10. O-O Nf6 11. Bb2 Be7 12. c4 O-O 13. cxd5 Nxd5 14. Rd1 Bf6 15. Bxf6 Qxf6 16. Qxf6 gxf6 17. Bc4 Nce7 18. Nd2 a5 19. Ne4 axb4 20. axb4 f5 21. Nd6 Nxb4 22. Rxa8 Rxa8 23. Nxb7 Rc8 24. Rd8+ Rxd8 25. Nxd8 Nbc6 26. Nxc6 Nxc6 27. Bb5 Nb4 28. f4 Kf8 29. Kf2 Ke7 30. Kg3 Nd5 31. Bc4 Kd7 32. Bb5+ Ke7 33. Bc6 Nb4 34. Ba4 f6 35. Kh4 Nd3 36. c6 Kd6 37. g3 e5 38. Bc2 e4 39. Kh5 Kxc6 40. Kh6 Nf2 41. Kxh7 e3 0-1


[Site "https://www.chess.com"]

[Event "Titled Tuesday Blitz April 4 Early 2023"]
[White "Fishchuk, Vladyslav"]
[Black "Molina, Roberto Junio Brito"]
[WhiteFideId "34122117"]
[BlackFideId "2109450"]
[WhiteElo "2082"]
[BlackElo "2376"]
[Result "1-0"]
[Round "07"]
[TimeControl "180+2"]
[Date "2023.04.04"]
[WhiteClock "0:00:21"]
[BlackClock "0:00:20"]

1. d4 c6 2. Nc3 d5 3. Bf4 Nf6 4. e3 Bf5 5. Nf3 Nbd7 6. Ne5 h6 7. Bd3 e6 8. Bxf5 exf5 9. O-O Be7 10. Ne2 O-O 11. Ng3 g5 12. Nxf5 gxf4 13. exf4 Kh7 14. Qd3 Kh8 15. Qg3 Rg8 16. Nxf7+ Kh7 17. Qh3 Qf8 18. N5xh6 Rg6 19. Ng5+ Kh8 20. Nf5+ Kg8 21. Rae1 Re8 22. Re6 Bd8 23. Rfe1 Rxe6 24. Rxe6 Qb4 25. c3 Qxb2 26. Re8+ Nf8 27. Nh6+ Rxh6 28. Qe6+ 1-0


[Site "https://www.chess.com"]

[Event "Titled Tuesday Blitz April 4 Early 2023"]
[White "Danielyan, Vahe"]
[Black "Pichot, Alan"]
[WhiteFideId "13304828"]
[BlackFideId "110973"]
[WhiteElo "2423"]
[BlackElo "2573"]
[Result "1-0"]
[Round "07"]
[TimeControl "180+2"]
[Date "2023.04.04"]
[WhiteClock "0:00:19"]
[BlackClock "0:00:38"]

1. e4 c5 2. Nc3 e6 3. Nf3 Nc6 4. Bb5 Nd4 5. O-O a6 6. Bd3 Nc6 7. a3 g6 8. b4 cxb4 9. axb4 Bg7 10. b5 Ne5 11. Nxe5 Bxe5 12. bxa6 bxa6 13. Ba3 Nf6 14. f4 Bd4+ 15. Kh1 h5 16. e5 Ng4 17. Qe1 Bb7 18. Be4 Bxc3 19. dxc3 Qc8 20. Rb1 Bc6 21. Bxc6 Qxc6 22. Qh4 f6 23. h3 d5 24. hxg4 O-O-O 25. g5 f5 26. Qf2 Rh7 27. Qb6 Rc7 28. Bd6 Qxb6 29. Rxb6 Rxc3 30. Rfb1 d4 31. Rb8+ Kd7 32. R1b7+ Kc6 33. Rc7+ Kd5 34. Rxd8 Rg3 35. Bc5+ Ke4 36. Rxd4+ Ke3 37. Rd3+ 1-0


[Site "https://www.chess.com"]

[Event "Titled Tuesday Blitz April 4 Early 2023"]
[White "Mammadov, Zaur"]
[Black "Sieciechowicz, Marcin"]
[WhiteFideId "13401033"]
[BlackFideId "1130170"]
[WhiteElo "2441"]
[BlackElo "2302"]
[Result "1/2-1/2"]
[Round "07"]
[TimeControl "180+2"]
[Date "2023.04.04"]
[WhiteClock "0:00:22"]
[BlackClock "0:00:11"]

1. e4 c5 2. c3 d5 3. exd5 Qxd5 4. d4 g6 5. Nf3 Bg7 6. Na3 cxd4 7. Bc4 Qd8 8. Nb5 Nf6 9. Nbxd4 O-O 10. O-O Bd7 11. Qb3 Nc6 12. Qxb7 Na5 13. Qa6 Bc8 14. Qb5 Bd7 15. Qa6 Bc8 16. Qb5 Bd7 17. Qb4 Rb8 18. Bb5 a6 19. a4 axb5 20. axb5 Nc6 21. Nxc6 Bxc6 22. Nd4 Bd5 23. Bf4 Ra8 24. b6 Qd7 25. Rxa8 Rxa8 26. Re1 e6 27. c4 Bb7 28. Be5 Bf8 29. Qc3 Ng4 30. Bg3 Bg7 31. Rd1 Qxd4 32. Qxd4 Bxd4 33. h3 Bxb6 34. hxg4 Rd8 35. Rc1 Bc5 36. b4 Bxb4 37. Rb1 Bd6 38. Bxd6 Rxd6 39. Rxb7 Rd4 40. c5 Rxg4 41. c6 Rc4 42. Rc7 Kg7 43. f3 Kf6 44. Kf2 h5 45. Rc8 Ke7 46. c7 Kd7 47. Rf8 Rxc7 48. Rxf7+ Kd6 49. Rf6 Rg7 50. Rf4 Ke7 51. Kg3 Rf7 52. Ra4 Rf5 53. Ra8 Kf6 54. f4 Rb5 55. Kf3 Rb3+ 56. Kf2 Rb4 57. Kf3 Rb2 58. g3 Rb3+ 59. Kf2 Kf5 60. Ra5+ Kf6 61. Ra8 Rd3 62. Rf8+ Kg7 63. Rb8 Kf7 64. Rb7+ Kf6 65. Rb8 Kf5 66. Rf8+ Kg4 67. Rf6 Rf3+ 68. Ke2 Rxg3 69. Rxg6+ Kxf4 70. Rxe6 h4 71. Rh6 Kg4 72. Kf2 Kh3 73. Rh8 Rg2+ 74. Kf3 Rg3+ 75. Kf2 Rg7 76. Rh6 Rg4 77. Rh7 Kh2 78. Rh8 h3 79. Rh7 Rf4+ 80. Ke3 Rf8 81. Ke2 Kg2 82. Rg7+ Kh1 83. Rg6 h2 84. Rg5 Rf4 85. Rg6 Ra4 86. Kf2 Ra2+ 87. Kf1 Ra1+ 88. Kf2 Rg1 89. Rh6 Rg2+ 90. Kf1 Ra2 91. Rg6 Ra1+ 92. Kf2 Rg1 93. Rh6 Rg8 94. Rf6 Rg2+ 95. Kf1 Rg1+ 96. Kf2 Rg2+ 97. Kf1 Rg1+ 98. Kf2 Rg2+ 1/2-1/2


[Site "https://www.chess.com"]

[Event "Titled Tuesday Blitz April 4 Early 2023"]
[White "Mahdavi, Reza"]
[Black "Atanasov, Anthony"]
[WhiteFideId "12595926"]
[BlackFideId "2623897"]
[WhiteElo "2357"]
[BlackElo "2326"]
[Result "1-0"]
[Round "07"]
[TimeControl "180+2"]
[Date "2023.04.04"]
[WhiteClock "0:01:36"]
[BlackClock "0:00:02"]

1. Nf3 Nf6 2. g3 d5 3. Bg2 Bf5 4. c4 e6 5. Qb3 Nc6 6. O-O a6 7. d4 Be7 8. Bd2 Rb8 9. Nc3 O-O 10. cxd5 exd5 11. Na4 Ne4 12. Bf4 g5 13. Be3 g4 14. Ne5 Nxe5 15. dxe5 c5 16. Rfd1 c4 17. Qb6 Qe8 18. Nc3 Bd8 19. Qd4 Nxc3 20. bxc3 Bc7 21. Bf4 Rd8 22. Bxd5 Be6 23. e4 b5 24. Bh6 Bxd5 25. exd5 Bxe5 26. Qxg4+ Kh8 27. Bxf8 Qxf8 28. Qf3 f5 29. Re1 Qf6 30. Rad1 Bxc3 31. Re6 Qg7 32. d6 1-0


[Site "https://www.chess.com"]

[Event "Titled Tuesday Blitz April 4 Early 2023"]
[White "NiklasSchmider"]
[Black "Zhao, Jun"]
[BlackFideId "8602522"]
[WhiteElo "2622"]
[BlackElo "2547"]
[Result "0-1"]
[Round "07"]
[TimeControl "180+2"]
[Date "2023.04.04"]
[WhiteClock "0:00:03"]
[BlackClock "0:00:03"]

1. e4 e5 2. Nf3 Nc6 3. Bb5 a6 4. Ba4 Nf6 5. O-O Be7 6. Re1 b5 7. Bb3 O-O 8. h3 d5 9. exd5 Nxd5 10. Nxe5 Nxe5 11. Rxe5 Bb7 12. d3 Bf6 13. Re1 c5 14. Nd2 Qc7 15. Qg4 g6 16. a4 Bg7 17. axb5 axb5 18. Rxa8 Rxa8 19. Nf3 Rc8 20. Bxd5 Bxd5 21. Bf4 Qb7 22. Re7 Qa6 23. Be5 h5 24. Qf4 Bf8 25. Ra7 Qe6 26. Ng5 Qf5 27. Ne4 Qxf4 28. Bxf4 Bg7 29. Nd6 Rd8 30. c3 b4 31. cxb4 cxb4 32. Nc4 Bxc4 33. dxc4 Bxb2 34. Rb7 Bc3 35. Kh2 Rc8 36. Rc7 Rxc7 37. Bxc7 b3 38. Ba5 Bxa5 0-1


[Site "https://www.chess.com"]

[Event "Titled Tuesday Blitz April 4 Early 2023"]
[White "Al-Tarboush, Ward"]
[Black "Gokerkan, Cem Kaan"]
[WhiteFideId "7601450"]
[BlackFideId "6336760"]
[WhiteElo "2265"]
[BlackElo "2365"]
[Result "0-1"]
[Round "07"]
[TimeControl "180+2"]
[Date "2023.04.04"]
[WhiteClock "0:00:03"]
[BlackClock "0:00:45"]

1. e4 e5 2. Nf3 Nf6 3. Nxe5 d5 4. exd5 Qxd5 5. Nf3 Nc6 6. Nc3 Qh5 7. Be2 Bg4 8. O-O O-O-O 9. h3 Bd6 10. Nh2 Bxe2 11. Qxe2 Nd4 12. Qxh5 Nxh5 13. Nf3 Nxc2 14. Rb1 Rhe8 15. a3 Be5 16. b4 Nd4 17. Nxe5 Rxe5 18. Bb2 Nf4 19. Rfe1 Rxe1+ 20. Rxe1 Nd3 21. Rb1 Nb3 22. Ne4 f5 23. Bxg7 fxe4 24. Rxb3 Rg8 25. Bh6 Ne1 26. g3 Rg6 27. Bf4 Nd3 28. Be3 Ra6 29. Rc3 Kd7 30. f3 Ne5 31. fxe4 b5 32. Bf4 Nc4 33. d3 Rxa3 34. Rxa3 Nxa3 35. Bd2 Nc2 36. Bc3 c5 37. bxc5 b4 38. Bb2 a5 39. Kf2 a4 40. Ke2 a3 41. Kd2 Ne1 42. Be5 Nf3+ 0-1


[Site "https://www.chess.com"]

[Event "Titled Tuesday Blitz April 4 Early 2023"]
[White "Adla, Diego"]
[Black "Remizov, Yaroslav"]
[WhiteFideId "100072"]
[BlackFideId "34134015"]
[WhiteElo "2377"]
[BlackElo "2412"]
[Result "1-0"]
[Round "07"]
[TimeControl "180+2"]
[Date "2023.04.04"]
[WhiteClock "0:00:27"]
[BlackClock "0:00:02"]

1. e4 c6 2. Nf3 d5 3. d3 Qc7 4. Nc3 dxe4 5. dxe4 e5 6. Bc4 h6 7. a4 Nf6 8. Qe2 Bc5 9. O-O O-O 10. h3 Nbd7 11. Nh4 Nb6 12. Bb3 a5 13. Kh1 Rd8 14. f4 exf4 15. Bxf4 Qe7 16. Bxh6 gxh6 17. Ng6 Qd6 18. e5 Ne4 19. Nxe4 Qxg6 20. Nxc5 Nd5 21. Rf3 Be6 22. Raf1 Rf8 23. Ne4 Kh8 24. Nf6 Nxf6 25. Rxf6 Qg7 26. Qh5 Bxb3 27. Rxh6+ Kg8 28. cxb3 Rae8 29. Rf5 Re6 30. Rg5 Rg6 31. Rhxg6 fxg6 32. Rxg6 Rf1+ 33. Kh2 b5 34. Rxg7+ Kxg7 35. Qg5+ Kh7 36. Qe7+ Kg8 37. Qe8+ Kg7 38. Qxc6 b4 39. Qc7+ 1-0


[Site "https://www.chess.com"]

[Event "Titled Tuesday Blitz April 4 Early 2023"]
[White "Ambartsumova, Karina"]
[Black "Dehtiarov, Roman"]
[WhiteFideId "4166299"]
[BlackFideId "14186640"]
[WhiteElo "2240"]
[BlackElo "2189"]
[Result "0-1"]
[Round "07"]
[TimeControl "180+2"]
[Date "2023.04.04"]
[WhiteClock "0:00:14"]
[BlackClock "0:01:43"]

1. e4 e5 2. Nf3 Nc6 3. Nc3 Nf6 4. h3 Bb4 5. Nd5 Bc5 6. c3 O-O 7. d4 exd4 8. Bg5 Be7 9. Nxe7+ Qxe7 10. Bd3 dxc3 11. O-O cxb2 12. Rb1 h6 13. Bh4 d6 14. Rxb2 Ne5 15. Bb1 b6 16. Nd4 Bd7 17. Re2 g5 18. Bg3 Nh5 19. Ree1 Nxg3 20. fxg3 f6 21. Qh5 Qg7 22. a3 Kh7 23. Rf2 Rae8 24. Ref1 Qg6 25. Qd1 c5 26. Nf5 Bxf5 27. exf5 Qg7 28. Qxd6 Rd8 29. Qe6 Rfe8 30. Qb3 Qf7 31. Qa4 Rd4 32. Qa6 Red8 33. Re1 Rd1 34. Rff1 Rxe1 35. Rxe1 Qc7 36. Kh2 Kg7 37. Re2 h5 38. Qa4 h4 39. gxh4 Nf3+ 40. Kh1 Qh2# 0-1


[Site "https://www.chess.com"]

[Event "Titled Tuesday Blitz April 4 Early 2023"]
[White "Wagner, Dennis"]
[Black "Ozates, Tuna"]
[WhiteFideId "24650684"]
[BlackFideId "6354521"]
[WhiteElo "2470"]
[BlackElo "2151"]
[Result "1-0"]
[Round "07"]
[TimeControl "180+2"]
[Date "2023.04.04"]
[WhiteClock "0:00:14"]
[BlackClock "0:00:01"]

1. d4 d5 2. c4 c6 3. Nf3 Nf6 4. Nc3 e6 5. g3 dxc4 6. Bg2 b5 7. O-O Be7 8. Ne5 Qb6 9. b3 cxb3 10. Qxb3 a6 11. Be3 Nd5 12. Nxd5 cxd5 13. Rfc1 Bb7 14. a4 O-O 15. h4 Rd8 16. h5 Nc6 17. Nxc6 Bxc6 18. h6 g6 19. a5 Qb7 20. Bf4 Rac8 21. Qe3 Bd7 22. Bh3 Rxc1+ 23. Rxc1 Rc8 24. Qe5 Rxc1+ 25. Bxc1 Bf8 26. Qf6 Be8 27. Qd8 Qd7 28. Qb6 Qc6 29. Bd2 Qxb6 30. axb6 Bc6 31. e4 b4 32. exd5 Bxd5 33. Bg2 a5 34. Bxd5 exd5 35. b7 Bd6 36. Bf4 1-0


[Site "https://www.chess.com"]

[Event "Titled Tuesday Blitz April 4 Early 2023"]
[White "Rohith Krishna S"]
[Black "Souleidis, Georgios"]
[WhiteFideId "46617051"]
[BlackFideId "4206827"]
[WhiteElo "2270"]
[BlackElo "2401"]
[Result "1-0"]
[Round "07"]
[TimeControl "180+2"]
[Date "2023.04.04"]
[WhiteClock "0:02:14"]
[BlackClock "0:01:06"]

1. e4 c5 2. Nf3 e6 3. d4 cxd4 4. Nxd4 Nf6 5. Bd3 d5 6. e5 Nfd7 7. f4 Nc6 8. c3 Nc5 9. Bc2 Be7 10. O-O O-O 11. Qh5 g6 12. Qh6 Re8 13. Be3 Bf8 14. Qh3 Nxd4 15. Bxd4 b6 16. Nd2 Ba6 17. Rf2 Bd3 18. Bxd3 Nxd3 19. Qxd3 1-0


[Site "https://www.chess.com"]